 Dungeon Crawl Stone Soup version 0.18.1-50-g88ac8fd (webtiles) character file.

6593 Monsterracer the Cleaver (level 10, -9/92 HPs)
             Began as a Deep Dwarf Fighter on May 8, 2017.
             Was an Elder of Makhleb.
             Killed from afar by Nergalle (33 damage)
             ... with a bolt of negative energy
             ... on level 1 of the Lair of Beasts.
             The game lasted 00:31:17 (8619 turns).

Monsterracer the Cleaver (Deep Dwarf Fighter)       Turns: 8619, Time: 00:31:17

Health: -9/92      AC: 22    Str: 24    XL:     10   Next: 71%
Magic:  16/16      EV: 10    Int:  8    God:    Makhleb [****..]
Gold:   403        SH:  0    Dex: 16    Spells: 2 memorised, 5 levels left

rFire  . . .     SeeInvis .     a - +1 war axe
rCold  . . .     Gourm    .     r - +0 plate armour
rNeg   . . .     Faith    .     (no shield)
rPois  .         Spirit   .     (no helmet)
rElec  .         Dismiss  .     m - +0 cloak
rCorr  .         Reflect  .     y - +2 pair of gloves
SustAt .         Harm     .     (no boots)
MR     +....                    (no amulet)
Stlth  ..........               o - +5 ring of protection
                                g - +4 ring of dexterity

@: non-regenerating, heavily drained, somewhat resistant to hostile
enchantments, extremely unstealthy
A: damage resistance, recharge devices, sense surroundings 2, slow regeneration
3
a: Device Recharging, Minor Destruction, Lesser Servant of Makhleb, Major
Destruction, Renounce Religion


You were on level 1 of the Lair of Beasts.
You worshipped Makhleb.
Makhleb was greatly pleased with you.
You were hungry.

You visited 2 branches of the dungeon, and saw 10 of its levels.

You collected 491 gold pieces.
You spent 88 gold pieces at shops.

Inventory:

Hand Weapons
 a - a +1 war axe (weapon)
 B - a +0 hand crossbow
 F - a +2 flail of crushing
Missiles
 C - 69 bolts
Armour
 b - a +1 scale mail
 m - a +0 cloak (worn)
 r - a +0 plate armour (worn)
 y - a +2 pair of gloves (worn)
Jewellery
 g - a +4 ring of dexterity (left hand)
 h - an uncursed ring of protection from cold
 o - a +5 ring of protection (right hand)
 v - an uncursed ring of sustain attributes
Wands
 e - a wand of heal wounds (4/9)
 j - a wand of confusion (30/48)
 u - a wand of flame (31/48)
Scrolls
 c - a scroll of immolation
 d - 3 scrolls of enchant weapon
 i - 6 scrolls of identify
 n - 5 scrolls of remove curse
 t - 2 scrolls of teleportation
 w - a scroll of amnesia
 x - 2 scrolls of fear
 z - a scroll of magic mapping
 D - a scroll of fog
Potions
 k - a potion of flight
 p - a potion of haste
 s - 2 potions of curing
 A - a potion of brilliance
Comestibles
 f - 6 bread rations
 l - 4 meat rations
 q - 7 beef jerkies
 E - a chunk of flesh


   Skills:
 + Level 6.4(5.1) Fighting
 * Level 10.6(9.1) Axes
 - Level 3.4(2.1) Crossbows
 + Level 7.8(6.4) Armour
 + Level 6.7(5.4) Dodging
   Level 3.2(2.0) Shields
 + Level 8.7(7.3) Invocations


You had 5 spell levels left.
You knew the following spells:

 Your Spells              Type           Power        Failure   Level  Hunger
a - Cure Poison           Pois           #.........   100%        2    ###....
b - Swiftness             Chrm/Air       #.......     100%        2    ###....


Dungeon Overview and Level Annotations

Branches:
Dungeon (9/15)             Temple (0/1) D:5            Lair (1/8) D:9
    Orc (0/2) D:9

Altars:
Elyvilon
Kikubaaqudgha
Makhleb
Qazlal
Ru
Sif Muna
Trog
Zin

Shops:
D:4 [   D:8 ?

Annotations:
Lair:1 Nergalle


Innate Abilities, Weirdness & Mutations

You are resistant to damage.
You can recharge devices by infusing magical energy.
You passively map the area around you.
You do not regenerate naturally.


Message History

Nergalle hits you with a dagger.
* * * LOW HITPOINT WARNING * * *
You hit Nergalle.
Nergalle is lightly wounded.
Your smoke demon hits Nergalle but does no damage. x2
Your smoke demon barely misses Nergalle.
Nergalle hits you but does no damage.
You hit Nergalle but do no damage.
Nergalle is lightly wounded.
Nergalle yells, "What are YOU looking at?"
Nergalle closely misses you.
Your smoke demon gestures at the blink frog.
The blink frog is smitten.
Unknown command.
You barely miss Nergalle.
Nergalle is lightly wounded.
The blink frog blinks!
Nergalle points at you and mumbles some strange words.
The bolt of negative energy hits you!
You feel drained.
You die...

## ##.## * ### *
####...##*P..# , *
###.#.....##.... ,,
, ..........P.... ,
, #.#........... *
.##.P......#.... ,
, , ,
.....§..@....... *
* .......o†.%.....
* .......3........
, ,*
*##.F#...........,,
, #........#...## ,
, .......##....$. ,
, ........# ....#.*
, .........,#...# ,
........# .8.


You could see Nergalle, a blink frog and a friendly smoke demon.

Vanquished Creatures
  A hydra (D:9)
  Maurice (D:9)
  A shadow (D:8)
  Sigmund (D:3)
  A hippogriff (D:9)
  6 humans (D:8)
  Menkaure (D:6)
  2 wargs (D:9)
  A water moccasin (D:9)
  4 orc warriors
  A porcupine (Lair:1)
  2 sky beasts
  A phantom (D:4)
  2 ice beasts
  6 ogres
  2 centaurs (D:6)
  A big kobold (D:7)
  8 giant frogs
  4 scorpions
  4 howler monkeys
  An electric eel (D:8)
  4 crimson imps
  A centaur zombie (D:5)
  A giant frog zombie (D:8)
  2 lava snakes (D:9)
  A giant frog skeleton (D:4)
  A centaur skeleton (D:8)
  2 hounds
  A quasit (D:9)
  3 orc priests
  Crazy Yiuf (D:2)
  2 iguanas
  12 orc wizards
  2 worker ants (D:7)
  2 hound zombies
  A howler monkey zombie (D:7)
  10 adders
  4 gnolls (D:6)
  A shadow imp (D:9)
  4 adder zombies
  An adder skeleton (D:4)
  3 worms
  A dart slug (D:1)
  12 giant geckos
  24 orcs
  5 bats
  7 giant cockroaches
  4 goblins
  8 hobgoblins
  4 jackals
  11 kobolds
  3 quokkas
  2 ball pythons
  A giant gecko zombie (D:5)
  2 giant newts
  5 rats
  A fungus (D:9)
  A plant (D:9)
201 creatures vanquished.

Vanquished Creatures (others)
  A wizard (D:4)
  2 orc wizards (D:6)
3 creatures vanquished.

Grand Total: 204 creatures vanquished

Notes
Turn   | Place    | Note
--------------------------------------------------------------
     0 | D:1      | Monsterracer the Deep Dwarf Fighter began the quest for the Orb.
     0 | D:1      | Reached XP level 1. HP: 20/20 MP: 1/1
   204 | D:1      | Reached skill level 3 in Axes
   205 | D:1      | Reached XP level 2. HP: 27/27 MP: 2/2
  1051 | D:2      | Reached XP level 3. HP: 24/33 MP: 3/3
  1170 | D:2      | Reached skill level 4 in Axes
  1193 | D:2      | Found a burning altar of Makhleb.
  1200 | D:2      | Became a worshipper of Makhleb the Destroyer
  1329 | D:2      | Noticed Crazy Yiuf
  1336 | D:2      | Killed Crazy Yiuf
  1375 | D:2      | Reached skill level 1 in Invocations
  1446 | D:2      | Reached XP level 4. HP: 38/40 MP: 4/4
  1725 | D:2      | Found a white marble altar of Elyvilon.
  1764 | D:3      | Noticed Sigmund
  1768 | D:3      | Reached skill level 1 in Dodging
  1775 | D:3      | Killed Sigmund
  1775 | D:3      | Reached skill level 5 in Axes
  1775 | D:3      | Reached XP level 5. HP: 33/49 MP: 5/7
  1775 | D:3      | Reached XP level 6. HP: 38/56 MP: 5/8
  2089 | D:3      | Reached * piety under Makhleb
  2642 | D:3      | Found an ancient bone altar of Kikubaaqudgha.
  2642 | D:3      | Found a glowing silver altar of Zin.
  2721 | D:4      | Found Uciesab's Armour Emporium.
  2836 | D:4      | Found a bloodstained altar of Trog.
  2837 | D:4      | Noticed a wizard
  2844 | D:4      | Killed a wizard
  3016 | D:4      | Reached XP level 7. HP: 49/62 MP: 9/9
  3349 | D:4      | Reached ** piety under Makhleb
  3349 | D:4      | Reached skill level 6 in Axes
  3644 | D:5      | Entered Level 5 of the Dungeon
  4063 | D:5      | Found a bloodstained altar of Trog.
  4090 | D:5      | Reached skill level 5 in Armour
  4243 | D:5      | Found a staircase to the Ecumenical Temple.
  4516 | D:6      | Reached XP level 8. HP: 66/72 MP: 11/11
  4567 | D:6      | Reached skill level 5 in Invocations
  4593 | D:6      | Reached skill level 7 in Axes
  4624 | D:6      | Reached *** piety under Makhleb
  4789 | D:6      | Noticed Menkaure
  4797 | D:6      | Killed Menkaure
  5263 | D:6      | Reached skill level 5 in Fighting
  5263 | D:6      | Reached skill level 8 in Axes
  5263 | D:6      | Gained mutation: You passively map the area around you. [Deep Dwarf growth]
  5263 | D:6      | Reached XP level 9. HP: 45/81 MP: 13/13
  5304 | D:7      | Got a crude ring mail
  5315 | D:7      | Identified the +0 ring mail "Votu" {Dex+3} (You found it on level 7 of the Dungeon)
  5489 | D:7      | Reached skill level 5 in Dodging
  6677 | D:8      | Found a stormy altar of Qazlal.
  6810 | D:8      | Reached skill level 9 in Axes
  6810 | D:8      | Reached skill level 1 in Crossbows
  6814 | D:8      | Reached **** piety under Makhleb
  7080 | D:8      | Reached XP level 10. HP: 76/91 MP: 15/15
  7338 | D:8      | Found Xauluoho's Magic Scroll Emporium.
  7343 | D:8      | Bought a scroll of immolation for 56 gold pieces
  7343 | D:8      | Bought a scroll of fog for 32 gold pieces
  7422 | D:8      | Found a deep blue altar of Sif Muna.
  7701 | D:9      | Learned a level 2 spell: Cure Poison
  7718 | D:9      | Found a staircase to the Lair.
  7779 | D:9      | Reached skill level 10 in Axes
  7784 | D:9      | Reached ***** piety under Makhleb
  7832 | D:9      | Found a staircase to the Orcish Mines.
  8030 | D:9      | Noticed Maurice
  8044 | D:9      | Killed Maurice
  8065 | D:9      | Identified the Grimoire of the Gardener
  8069 | D:9      | Learned a level 2 spell: Swiftness
  8074 | D:9      | Found a sacrificial altar of Ru.
  8512 | Lair:1   | Entered Level 1 of the Lair of Beasts
  8512 | Lair:1   | Noticed an eight-headed hydra
  8558 | Lair:1   | Noticed Nergalle
  8574 | D:9      | Killed an eight-headed hydra
  8619 | Lair:1   | Killed from afar by Nergalle

Skill      XL: |  1  2  3  4  5  6  7  8  9 10 |
---------------+-------------------------------+-----
Axes           | 3 4 5 6 8 9 10 | 10.6
Invocations    | 1 2 3 4 6 7 8 |  8.7
Fighting       | 3 4 5 6 |  6.4
Dodging        | 2 3 4 5 6 |  6.7
Armour         | 4 5 7 |  7.8
Crossbows      | 2 3 |  3.4
Shields        | |  3.2

Action                   |  1- 3 |  4- 6 |  7- 9 | 10-12 || total
-------------------------+-------+-------+-------+-------++-------
Melee: War axe           |   115 |   158 |   370 |   182 ||   825
       Flail             |       |       |       |    13 ||    13
 Fire: Hand crossbow     |       |       |     6 |     6 ||    12
Invok: Lesser Servant of |       |       |       |     1 ||     1
       Major Destruction |       |       |       |     1 ||     1
Evoke: Wand              |     1 |     1 |       |     2 ||     4
  Use: Scroll            |     3 |     4 |     4 |     1 ||    12
       Potion            |     1 |     5 |     8 |       ||    14
 Stab: Sleeping          |       |     1 |       |       ||     1
       Invisible         |       |       |     2 |       ||     2
  Eat: Chunk             |     2 |     5 |    13 |     5 ||    25
       Fruit             |       |       |     1 |       ||     1
Armor: Scale mail        |    53 |    58 |   166 |   128 ||   405
       Skin              |       |       |     1 |       ||     1
       Plate armour      |       |       |       |     1 ||     1
Dodge: Dodged            |    43 |    38 |   128 |   150 ||   359
Block: Shield            |    61 |    75 |   171 |     5 ||   312
